[ PARTIDA AOE2 · #494464874 ]
UnrankedMongoles vs Celts
Equipo del jugador · VICT
Equipo rival · DERR
[ ANÁLISIS DE REPETICIÓN · EXTRAÍDO DE LA PARTIDA GRABADA ]
Feudal
11:07
Castillos
34:36
Imperial
—
| APM promedio | 55.9 |
| APM pico | 106 |
| eAPM promedio | 18.7 |
| Aldeanos / militares | 68 / 12 |
Foco
⚔️ 28.2% · 🌾 71.8%
Archer ×12
Feudal
27:19
Castillos
—
Imperial
—
| APM promedio | 49.2 |
| APM pico | 102 |
| eAPM promedio | 25.3 |
| Aldeanos / militares | 63 / 10 |
Foco
⚔️ 30.6% · 🌾 69.4%
Skirmisher ×8 · Archer ×2
Mapa de la partida
Recursos iniciales + cada clic de construcción. Líneas = muros · curvas = relieve. ◆ oro · ⬟ piedra · ● bayas · ✦ reliquia · ◌ hueco del cierre
Tu base· Abierta — hueco de 4t
Base de cLERT· Abierta — flanco sin cerrar
Terreno inicial suavizado · ◌ = hueco del cierre detectado · pasá el cursor para detalles
Inputs por minuto
— 北冥有鲲 - - cLERT
Build order — 北冥有鲲
126 acciones detectadas en el replay
| 0:06 | Construir | Town Center |
| 1:08 | Crear | Villager (Male) |
| 1:08 | Crear | Villager (Male) |
| 1:09 | Crear | Villager (Male) |
| 1:09 | Crear | Villager (Male) |
| 1:32 | Construir | House |
| 1:56 | Crear | Villager (Male) |
| 2:18 | Crear | Villager (Male) |
| 2:18 | Crear | Villager (Male) |
| 3:00 | Crear | Villager (Male) |
| 3:00 | Crear | Villager (Male) |
| 3:05 | Construir | Lumber Camp |
| 3:22 | Crear | Villager (Male) |
| 3:22 | Crear | Villager (Male) |
| 3:55 | Crear | Villager (Male) |
| 4:07 | Investigar | Loom |
| 4:09 | Construir | House |
| 4:18 | Crear | Villager (Male) |
| 4:18 | Crear | Villager (Male) |
| 4:19 | Crear | Villager (Male) |
| 4:32 | Crear | Villager (Male) |
| 4:32 | Crear | Villager (Male) |
| 4:33 | Crear | Villager (Male) |
| 4:35 | Construir | House |
| 4:52 | Crear | Villager (Male) |
| 4:53 | Crear | Villager (Male) |
| 5:13 | Crear | Villager (Male) |
| 5:14 | Crear | Villager (Male) |
| 5:30 | Crear | Villager (Male) |
| 5:30 | Crear | Villager (Male) |
| 5:41 | Crear | Villager (Male) |
| 5:42 | Crear | Villager (Male) |
| 6:13 | Construir | House |
| 6:14 | Crear | Villager (Male) |
| 6:44 | Crear | Villager (Male) |
| 6:45 | Crear | Villager (Male) |
| 7:24 | Crear | Villager (Male) |
| 8:11 | Construir | Mill |
| 8:30 | Construir | House |
| 8:47 | Investigar | Feudal Age |
| 8:47 | Investigar | Feudal Age |
| 8:51 | Construir | Mining Camp |
| 9:03 | Construir | House |
| 9:07 | Construir | Palisade Wall |
| 9:40 | Crear | Villager (Male) |
| 10:43 | Crear | Villager (Male) |
| 11:07 | Edad | Edad Feudal |
| 11:14 | Construir | Barracks |
| 11:17 | Investigar | Double-Bit Axe |
| 11:17 | Investigar | Double-Bit Axe |
| 11:20 | Crear | Villager (Male) |
| 11:20 | Crear | Villager (Male) |
| 11:40 | Investigar | Town Watch |
| 12:00 | Construir | Archery Range |
| 12:01 | Crear | Villager (Male) |
| 12:20 | Construir | Mill |
| 12:35 | Crear | Villager (Male) |
| 12:53 | Construir | Blacksmith |
| 12:59 | Construir | Palisade Wall |
| 13:07 | Construir | House |
| 13:10 | Crear | Villager (Male) |
| 13:11 | Crear | Archer |
| 13:12 | Crear | Archer |
| 13:19 | Crear | Villager (Male) |
| 13:19 | Crear | Villager (Male) |
| 14:07 | Crear | Archer |
| 14:09 | Crear | Villager (Male) |
| 14:09 | Crear | Villager (Male) |
| 15:18 | Crear | Archer |
| 15:20 | Crear | Villager (Male) |
| 15:20 | Crear | Villager (Male) |
| 15:36 | Crear | Archer |
| 19:32 | Investigar | Fletching |
| 19:32 | Investigar | Fletching |
| 20:41 | Construir | Town Center |
| 21:13 | Crear | Archer |
| 21:34 | Crear | Archer |
| 22:16 | Crear | Villager (Male) |
| 22:17 | Crear | Villager (Male) |
| 22:18 | Crear | Villager (Male) |
| 22:18 | Crear | Villager (Male) |
| 22:58 | Crear | Archer |
| 23:23 | Crear | Villager (Male) |
| 23:23 | Crear | Villager (Male) |
| 23:24 | Crear | Villager (Male) |
| 23:45 | Crear | Villager (Male) |
| 23:46 | Crear | Villager (Male) |
| 23:52 | Crear | Archer |
| 23:52 | Crear | Archer |
| 24:32 | Crear | Archer |
| 24:49 | Construir | Mill |
| 25:26 | Crear | Villager (Male) |
| 25:35 | Crear | Villager (Male) |
| 26:51 | Construir | Mining Camp |
| 27:07 | Crear | Villager (Male) |
| 27:07 | Crear | Villager (Male) |
| 27:08 | Crear | Villager (Male) |
| 27:31 | Crear | Villager (Male) |
| 27:31 | Crear | Villager (Male) |
| 27:31 | Crear | Villager (Male) |
| 27:35 | Construir | Mill |
| 28:14 | Construir | Mill |
| 28:36 | Construir | Watch Tower |
| 28:44 | Crear | Villager (Male) |
| 28:45 | Crear | Villager (Male) |
| 28:50 | Construir | House |
| 29:18 | Crear | Villager (Male) |
| 29:22 | Crear | Archer |
| 29:44 | Crear | Villager (Male) |
| 29:52 | Construir | Stable |
| 30:00 | Crear | Villager (Male) |
| 30:12 | Crear | Villager (Male) |
| 30:20 | Construir | House |
| 30:21 | Construir | House |
| 30:33 | Construir | House |
| 30:34 | Construir | House |
| 30:52 | Construir | House |
| 31:19 | Crear | Villager (Male) |
| 31:29 | Construir | Market |
| 31:56 | Investigar | Castle Age |
| 31:57 | Investigar | Castle Age |
| 32:19 | Investigar | Stone Mining |
| 33:37 | Crear | Villager (Male) |
| 34:00 | Investigar | Bloodlines |
| 34:00 | Investigar | Bloodlines |
| 34:36 | Edad | Edad de los Castillos |
Build order — cLERT
104 acciones detectadas en el replay
| 1:40 | Construir | Town Center |
| 2:54 | Crear | Villager (Male) |
| 2:55 | Crear | Villager (Male) |
| 2:55 | Crear | Villager (Male) |
| 3:06 | Crear | Villager (Male) |
| 3:19 | Investigar | Loom |
| 3:53 | Crear | Villager (Male) |
| 3:54 | Crear | Villager (Male) |
| 3:55 | Crear | Villager (Male) |
| 4:29 | Construir | Palisade Wall |
| 4:31 | Construir | Palisade Wall |
| 4:35 | Construir | Palisade Wall |
| 4:39 | Crear | Villager (Male) |
| 5:20 | Crear | Villager (Male) |
| 5:33 | Crear | Villager (Male) |
| 6:11 | Construir | House |
| 6:19 | Crear | Villager (Male) |
| 6:38 | Crear | Villager (Male) |
| 7:09 | Crear | Villager (Male) |
| 7:29 | Crear | Villager (Male) |
| 7:49 | Construir | Lumber Camp |
| 8:14 | Crear | Villager (Male) |
| 8:14 | Crear | Villager (Male) |
| 8:21 | Crear | Villager (Male) |
| 8:45 | Construir | Mill |
| 9:01 | Crear | Villager (Male) |
| 9:02 | Crear | Villager (Male) |
| 9:02 | Crear | Villager (Male) |
| 9:26 | Crear | Villager (Male) |
| 9:58 | Construir | Palisade Wall |
| 10:07 | Construir | Palisade Wall |
| 10:14 | Crear | Villager (Male) |
| 10:15 | Crear | Villager (Male) |
| 10:25 | Crear | Villager (Male) |
| 10:38 | Crear | Villager (Male) |
| 10:40 | Crear | Villager (Male) |
| 10:50 | Crear | Villager (Male) |
| 10:52 | Construir | Palisade Gate |
| 11:41 | Construir | Town Center |
| 12:18 | Crear | Villager (Male) |
| 12:18 | Crear | Villager (Male) |
| 12:18 | Crear | Villager (Male) |
| 12:38 | Crear | Villager (Male) |
| 12:39 | Crear | Villager (Male) |
| 13:11 | Construir | House |
| 14:08 | Construir | Palisade Wall |
| 14:41 | Crear | Villager (Male) |
| 14:41 | Crear | Villager (Male) |
| 15:14 | Crear | Villager (Male) |
| 16:09 | Crear | Villager (Male) |
| 18:21 | Crear | Villager (Male) |
| 18:49 | Crear | Villager (Male) |
| 18:49 | Crear | Villager (Male) |
| 19:27 | Crear | Villager (Male) |
| 19:51 | Crear | Villager (Male) |
| 20:09 | Crear | Villager (Male) |
| 20:46 | Crear | Villager (Male) |
| 21:17 | Crear | Villager (Male) |
| 21:52 | Construir | Mill |
| 22:01 | Construir | Mill |
| 22:19 | Construir | Mill |
| 22:24 | Crear | Villager (Male) |
| 22:24 | Crear | Villager (Male) |
| 22:28 | Construir | Farm |
| 22:30 | Construir | Farm |
| 22:33 | Crear | Villager (Male) |
| 22:33 | Crear | Villager (Male) |
| 23:01 | Crear | Villager (Male) |
| 25:09 | Investigar | Feudal Age |
| 25:09 | Investigar | Feudal Age |
| 25:49 | Construir | Barracks |
| 27:19 | Edad | Edad Feudal |
| 27:22 | Construir | Archery Range |
| 27:34 | Construir | Lumber Camp |
| 27:38 | Crear | Villager (Male) |
| 27:50 | Crear | Skirmisher |
| 27:50 | Crear | Skirmisher |
| 28:03 | Crear | Skirmisher |
| 28:03 | Crear | Skirmisher |
| 28:20 | Construir | Farm |
| 28:28 | Crear | Archer |
| 28:28 | Crear | Archer |
| 28:42 | Crear | Skirmisher |
| 29:46 | Crear | Skirmisher |
| 30:15 | Construir | Blacksmith |
| 30:19 | Crear | Villager (Male) |
| 30:19 | Crear | Villager (Male) |
| 30:52 | Construir | Farm |
| 30:54 | Crear | Villager (Male) |
| 31:14 | Construir | Mill |
| 31:48 | Crear | Villager (Male) |
| 31:48 | Crear | Villager (Male) |
| 32:29 | Crear | Villager (Male) |
| 32:29 | Crear | Villager (Male) |
| 32:47 | Crear | Villager (Male) |
| 32:50 | Crear | Villager (Male) |
| 33:17 | Crear | Skirmisher |
| 33:20 | Crear | Villager (Male) |
| 33:25 | Crear | Villager (Male) |
| 33:27 | Construir | Market |
| 33:45 | Crear | Villager (Male) |
| 33:51 | Crear | Villager (Male) |
| 34:26 | Investigar | Fletching |
| 34:26 | Crear | Skirmisher |
Cronología de la partida
| 4:29 | cLERT · wall_segment Palisade Wall x1 |
| 4:31 | cLERT · wall_segment Palisade Wall x1 |
| 4:35 | cLERT · wall_segment Palisade Wall x1 |
| 9:07 | 北冥有鲲 · wall_segment Palisade Wall x1 |
| 9:58 | cLERT · wall_segment Palisade Wall x1 |
| 10:07 | cLERT · wall_segment Palisade Wall x1 |
| 11:07 | 北冥有鲲 · age_up feudal |
| 11:14 | 北冥有鲲 · first_building Barracks |
| 12:00 | 北冥有鲲 · first_building Archery Range |
| 12:59 | 北冥有鲲 · wall_segment Palisade Wall x2 |
| 14:08 | cLERT · wall_segment Palisade Wall x1 |
| 25:49 | cLERT · first_building Barracks |
| 27:19 | cLERT · age_up feudal |
| 27:22 | cLERT · first_building Archery Range |
| 29:52 | 北冥有鲲 · first_building Stable |
| 34:24 | cLERT · first_market_sell 100 stone |
| 34:36 | 北冥有鲲 · age_up castle |
| 34:47 | cLERT · resign |
[ ANÁLISIS IA · 1 CRÉDITO ]
¿Qué pasó realmente en esta partida?
Wolo.gg analiza cada decisión: build order, eco, micro, errores típicos por bracket. Análisis personalizado por WhatsApp o Discord en 30 segundos.
Guía civ
Mongoles
Perfil
北冥有鲲